 Dungeon Crawl Stone Soup version 0.23-a0-831-g5da158a (webtiles) character file.

131 Whizzy the Stinger (level 4, 0/18 HPs)
             Began as a Felid Venom Mage on Jan 24, 2019.
             Slain by a worm (10 damage)
             ... on level 2 of the Dungeon.
             The game lasted 00:08:16 (5437 turns).

Whizzy the Stinger (Felid Venom Mage)               Turns: 5437, Time: 00:08:17

Health: 0/18       AC:  1    Str:  1 (4)  XL:     4   Next: 91%
Magic:  3/9        EV: 18    Int: 15 (16) God:
Gold:   138        SH:  0    Dex: 15 (17) Spells: 6/9 levels left
                                        Lives:  0   Deaths: 1

rFire    . . .     SeeInvis +   (weapon unavailable)
rCold    . . .     Gourm    .   (shield unavailable)
rNeg     . . .     Faith    .   (armour unavailable)
rPois    .         Spirit   .   (helmet unavailable)
rElec    .         Reflect  .   (cloak unavailable)
rCorr    .         Harm     .   (gloves unavailable)
MR       .....                  (boots unavailable)
Stlth    +++.......             (no amulet)
HPRegen  0.06/turn              (no ring)
MPRegen  0.11/turn              (no ring)

@: quick
A: very small, no armour, no weapons or thrown items, stealth, claws 1, fangs 3,
see invisible, carnivore, speed 1, shaggy fur 1, slow metabolism 1, sharp paws
a: no special abilities


You were on level 2 of the Dungeon.
You were very full.

You visited 1 branch of the dungeon, and saw 4 of its levels.

You collected 138 gold pieces.

Inventory:

Scrolls
 a - 4 scrolls of remove curse {unknown}
 c - 5 scrolls of teleportation {unknown}
 d - 3 scrolls of enchant armour {unknown}
 e - a scroll of enchant weapon {unknown}
 g - 5 scrolls of identify {unknown}
 h - a scroll of fear {unknown}
 i - 2 scrolls of amnesia {unknown}
 k - a scroll of immolation {unknown}
Potions
 j - a potion of lignification {unknown}
Comestibles
 b - 3 rations


   Skills:
 + Level 0.1 Fighting
 + Level 2.9 Dodging
 + Level 3.6 Stealth
 + Level 0.2 Unarmed Combat
 + Level 3.0 Spellcasting
 + Level 1.0 Conjurations
 * Level 2.1 Air Magic
 + Level 3.8 Poison Magic


You had 6 spell levels left.
You knew the following spells:

 Your Spells              Type           Power        Failure   Level  Hunger
a - Sting                 Conj/Pois      #...         8%          1    #......
b - Poisonous Vapours     Pois/Air       ##....       9%          2    ##.....

Your spell library contained the following spells:

 Spells                   Type           Power        Failure   Level  Hunger
 Mephitic Cloud           Conj/Pois/Air  #.......     24%         3    ###....
 Olgreb's Toxic Radiance  Pois           ##......     38%         4    #####..
 Venom Bolt               Conj/Pois      #.........   90%         5    ######.


Dungeon Overview and Level Annotations

Branches:
Dungeon (4/15)
 Temple: D:4-7

Altars:
Fedhas
Vehumet
Zin
The Shining One


Innate Abilities, Weirdness & Mutations

You cannot wear armour.
You are incapable of wielding weapons or throwing items.
Your paws allow you to move quietly. (Stealth)
You have sharp claws.
You have razor-sharp teeth.
You have supernaturally acute eyesight. (SInv)
You are carnivorous and can eat meat at any time.
You cover ground quickly.
You are covered in fur. (AC +1)
You have a slow metabolism.
Your sharp claws are effective at attacking unaware monsters.


Message History

The worm is heavily wounded.
You scratch the worm but do no damage.
The worm is severely wounded.
The worm closely misses you.
You scratch the worm but do no damage.
The worm is severely wounded.
You scratch the worm but do no damage.
The worm is severely wounded.
The worm looks more healthy.
The worm misses you.
You scratch the worm.
The worm is severely wounded.
The quokka misses you. x2; The worm completely misses you.
You scratch the worm.
The worm is severely wounded.
The quokka bites you.
You scratch the worm but do no damage.
The worm is severely wounded.
The quokka misses you. The worm bites you!
Ouch! That really hurt!
You die...

##.#........#
####.....##....#
..^......##....###
.................#
.###..##.........#
.# #..##.........#
.# #..#####....#.#
.# #..# #....#.#
.# #... ......#@#
.# ########.##.rw#
## #. #..## . #..
#.. #.. ##. #.


You could see a worm and a quokka.

Vanquished Creatures
  An orc priest (D:4)
  2 worker ants (D:4)
  A gnoll (D:1)
  3 adders
  An ooze (D:2)
  A worm (D:3)
  3 orcs
  A giant cockroach (D:2)
  9 goblins
  9 hobgoblins
  A quokka (D:3)
  8 bats
  3 frilled lizards
  4 kobolds
  8 rats
55 creatures vanquished.

Notes
Turn   | Place    | Note
-------+----------+-------------------------------------------
     0 | D:1      | Whizzy the Felid Venom Mage began the quest for the Orb.
     0 | D:1      | Reached XP level 1. HP: 7/7 MP: 4/4
   804 | D:1      | Reached XP level 2. HP: 11/11 MP: 3/6
   835 | D:1      | Learned a level 2 spell: Poisonous Vapours
  1440 | D:2      | Reached XP level 3. HP: 12/14 MP: 7/7
  1511 | D:2      | Found a glowing golden altar of the Shining One.
  1599 | D:2      | Found a radiant altar of Vehumet.
  2088 | D:2      | You fall through a shaft for 2 floors!
  2090 | D:4      | Reached skill level 1 in Conjurations
  2090 | D:4      | Reached skill level 1 in Air Magic
  2090 | D:4      | Reached XP level 4. HP: 6/18 MP: 3/8
  2094 | D:4      | Slain by an orc
  2095 | D:4      | Reached XP level 3. HP: -4/14 MP: 1/7
  2340 | D:4      | Reached XP level 4. HP: 9/18 MP: 0/9
  3307 | D:3      | Found a glowing silver altar of Zin.
  3723 | D:3      | Found a blossoming altar of Fedhas.
  5437 | D:2      | Slain by a worm

Vault maps used:
D:1:      lemuel_arrival_hallway, serial_forest, infiniplex_forest_end_2,
          infiniplex_forest_corner_1, infiniplex_forest_corner_2,
          infiniplex_forest_clump_small, infiniplex_forest_end_1,
          infiniplex_forest_clump_medium, infiniplex_forest_corner_1,
          infiniplex_forest_clump_C
D:2:      minmay_razor_zed, tso_metal_star, lemuel_round_altar,
          grunt_ministairs_14, uniq_sigmund
D:3:      nicolae_overflow_crystal_walls, fedhas_altar_2,
          guppyfry_early_lair_pool
D:4:      nicolae_ru_path_of_blood, minmay_misc_feat_roman,
          minmay_shop_enchanted_jewellery

Skill      XL: |  1  2  3  4 |
---------------+-------------+-----
Poison Magic   | 3 |  3.8
Stealth        | 3 |  3.6
Conjurations   | 1 |  1.0
Air Magic      | 1 2 |  2.1
Spellcasting   | 3 |  3.0
Fighting       | |  0.1
Dodging        | |  2.9
Unarmed Combat | |  0.2

Action                   |  1- 3 |  4- 6 || total
-------------------------+-------+-------++-------
Melee: Unarmed           |    23 |    41 ||    64
       Bite              |     1 |     8 ||     9
 Cast: Sting             |    13 |     3 ||    16
       Poisonous Vapours |    20 |    42 ||    62
  Use: Potion            |       |     2 ||     2
 Stab: Sleeping          |     3 |       ||     3
  Eat: Chunk             |    13 |    11 ||    24
Armor: Skin              |     2 |     1 ||     3
Dodge: Dodged            |    19 |    32 ||    51

Table legend:
 A = Non-vault XP
 B = Vault XP
 C = Vault XP percentage of total XP
 D = Non-vault monster count
 E = Vault monster count
 F = Vault count percentage of total count
                 A         B        C        D         E       F
            +---------+---------+-------+---------+---------+-------
      Total |     243 |       3 |   1.2 |      53 |       2 |   3.6
            +---------+---------+-------+---------+---------+-------
        D:1 |      38 |       0 |   0.0 |      18 |       0 |   0.0
        D:2 |      28 |       3 |   9.7 |       7 |       2 |  22.2
        D:3 |      68 |       0 |   0.0 |      24 |       0 |   0.0
        D:4 |     109 |       0 |   0.0 |       4 |       0 |   0.0
            +---------+---------+-------+---------+---------+-------
